 Dungeon Crawl Stone Soup version 0.27.1-3-gb3d3a73c9e (webtiles) character file.

Game seed: 14064177187225251702

23 Erina the Poker (level 2, 27/27 HPs)
             Began as a Minotaur Berserker on Oct 23, 2021.
             Was a Believer of Trog.
             Quit the game on level 1 of the Dungeon.
             The game lasted 00:03:44 (1015 turns).

Erina the Poker (Minotaur Berserker)                Turns: 1015, Time: 00:03:44

Health: 27/27      AC:  5    Str: 21    XL:     2   Next: 72%
Magic:  1/1        EV: 11    Int:  4    God:    Trog [**....]
Gold:   66         SH:  0    Dex:  9    Spells: 1/1 levels left

rFire    . . .     SeeInvis .   a - +0 spear
rCold    . . .     Faith    .   (no shield)
rNeg     . . .     Spirit   .   f - +0 ring mail
rPois    .         Reflect  .   (helmet restricted)
rElec    .         Harm     .   (no cloak)
rCorr    .         Rampage  .   (no gloves)
Will     .....                  (no boots)
Stlth    ..........             (no amulet)
HPRegen  0.09/turn              (no ring)
MPRegen  0.07/turn              (no ring)

@: no status effects
A: horns 2, retaliatory headbutt
a: Renounce Religion, Berserk, Trog's Hand


You were on level 1 of the Dungeon.
You worshipped Trog.
Trog was pleased with you.
You visited 1 branch of the dungeon, and saw 1 of its levels.

You collected 66 gold pieces.

Inventory:

Hand Weapons
 a - a +0 spear (weapon)
Armour
 f - a +0 ring mail (worn)
Scrolls
 d - 2 scrolls of identify {unknown}
Potions
 c - a potion of heal wounds {unknown}
 e - a potion of lignification {unknown}


   Skills:
 + Level 4.1 Fighting
 * Level 4.4 Polearms
 + Level 2.6 Armour
 + Level 2.2 Dodging


You had one spell level left.
You didn't know any spells.
Your spell library was empty.

Dungeon Overview and Level Annotations

Branches:
Dungeon (1/15)

Altars:


Innate Abilities, Weirdness & Mutations

You have a pair of horns on your head.
You reflexively headbutt those who attack you in melee.


Message History

There is an open door here.
You see here a dart slug corpse.
You open the door.
There is an open door here.
A kobold comes into view. It is wielding a +0 whip.
Found a whip.
The kobold shouts!
The kobold throws a stone.
The stone closely misses you.
The kobold throws a stone.
The stone closely misses you. The kobold hits you with a +0 whip.
You closely miss the kobold. You headbutt the kobold.
The kobold is moderately wounded.
The kobold closely misses you.
You closely miss the kobold.
The kobold is moderately wounded.
The kobold hits you with a +0 whip.
You hit the kobold.
You kill the kobold!
Trog accepts your kill.
Things that are here:
a +0 whip; 2 stones; a kobold corpse You can no longer call upon Trog for regeneration and willpower.
A bat comes into view.
The bat hits you.
You hit the bat.
You kill the bat!
Trog accepts your kill.
You see here a bat corpse.
A hobgoblin comes into view.
The hobgoblin shouts!
You hit the hobgoblin.
You kill the hobgoblin!
Trog accepts your kill.
You can now call upon Trog for regeneration and willpower.
You see here a hobgoblin corpse.
You see here a bat corpse.
There is an open door here.
Done exploring.
Done exploring.
Are you sure you want to abandon this character and quit the game? (Confirm with "yes".)

###.......# #.# #.#.....
####....# ### #.# #.#.#'##
##########.####.# #.# #.......
#'#....#.#...##.####.######.#.#.
##.#....#.###.##.##..........#...
.#.#....#.....##.##...######.###.
.#......#..#..##.##...# #..>..
.#.....##.##..##.##...# #.####
.#.#...#........@##...# #.# #
.#.######..#..##.##...# #.# #
.#.# #.##..#####...######.####
.#†# #..................#....#
.#.######..#########............#
................####............#
.....##....####.#.##............#
......#.#.#####.#.##.[...>......#
................#.##............#


There were no monsters in sight!

Vanquished Creatures
  2 dart slugs (D:1)
  An endoplasm (D:1)
  A goblin (D:1)
  A hobgoblin (D:1)
  2 ball pythons (D:1)
  5 bats (D:1)
  2 frilled lizards (D:1)
  2 kobolds (D:1)
  7 rats (D:1)
23 creatures vanquished.

Notes
Turn   | Place    | Note
-------+----------+-------------------------------------------
     0 | D:1      | Erina the Minotaur Berserker began the quest for the Orb.
     0 | D:1      | Reached XP level 1. HP: 19/19 MP: 0/0
   280 | D:1      | Reached XP level 2. HP: 21/27 MP: 1/1
   629 | D:1      | Reached ** piety under Trog
  1015 | D:1      | Quit the game

Illustrated notes

Levels and vault maps discovered:
D:1:      dpeg_arrival_long_road, layout_basic, serial_curves, eino_curves_04,
          eino_curves_04, eino_curves_04, eino_curves_01

Skill      XL: |  1  2 |
---------------+-------+-----
Polearms       | 4 |  4.4
Fighting       | 4 |  4.1
Armour         | |  2.6
Dodging        | |  2.2

Action                   || total
-------------------------++-------
Melee: Spear             ||    41
       Headbutt          ||     8
 Stab: Sleeping          ||     1
Armor: Animal skin       ||     5
Dodge: Dodged            ||    14
